 Dungeon Crawl Stone Soup version 0.25-a0-734-g73332aeda9 (webtiles) character file.

Game seed: 9146778631106841655, levelgen mode: deterministic

36155 Maedhros the Spear-Bearer (level 13, -12/83 HPs)
             Began as an Octopode Artificer on Apr 10, 2020.
             Was an Elder of Fedhas.
             Hit by a large rock thrown by a cyclops (46 damage)
             ... on level 14 of the Dungeon.
             The game lasted 00:40:36 (20193 turns).

Maedhros the Spear-Bearer (Octopode Artificer)     Turns: 20193, Time: 00:40:37

Health: -12/83     AC:  3    Str: 13    XL:     13   Next: 88%
Magic:  16/16      EV: 11    Int: 18    God:    Fedhas [****..]
Gold:   767        SH: 32    Dex: 14    Spells: 12/12 levels left

rFire    + + .     SeeInvis +   E - +6 trident (freeze)
rCold    + + .     Gourm    .   G - +18 shield of the Gong {rElec rN+ MR+ EV-5}
rNeg     + + +     Faith    .   h - +2 hat
rPois    +         Spirit   .   r - amulet of the Skies Above {Reflect rN+ SH+2}
rElec    +         Reflect  +   y - ring of poison resistance
rCorr    .         Harm     .   a - ring "Ret Qeoc" {rPois rC+ Slay+2 SInv}
MR       +....                  I - ring of positive energy
Stlth    ++++++....             N - ring of protection from fire
HPRegen  0.23/turn              K - ring of protection from fire
MPRegen  0.15/turn              P - ring "Wiytif" {+Fly rC+ Int+4}
                                q - +3 ring of intelligence
                                Y - +2 ring of strength

@: studying Air Magic
A: almost no armour, stealthy swim, amphibious, 8 rings, constrict 8, camouflage
1, clumsy 1, dopey 2, low mp 1, screaming 1, wild magic 1, gelatinous body 1,
MP-powered wands
a: Wall of Briars, Grow Ballistomycete, Overgrow, Renounce Religion, Evoke
Flight


You were on level 14 of the Dungeon.
You worshipped Fedhas.
Fedhas was greatly pleased with you.
You were very hungry.

You visited 2 branches of the dungeon, and saw 15 of its levels.
You also visited: Ossuary and Ice Cave.

You collected 767 gold pieces.

Inventory:

Hand Weapons
 E - a +6 trident of freezing (weapon)
 S - the +0 hunting sling of Change {vorpal, +Fly rC+ Int+4}
   (You found it in an ice cave)

   Any stone fired from it inflicts extra damage.
   It affects your intelligence (+4).
   It protects you from cold.
   It lets you fly.
Missiles
 g - 3 curare-tipped darts
 p - 54 poisoned darts (quivered)
 F - 3 throwing nets
 R - 6 javelins
Armour
 h - a +2 hat (worn)
 G - the +18 shield of the Gong (worn) {rElec rN+ MR+ EV-5}
   (You found it on level 8 of the Dungeon)

   It affects your evasion (-5).
   It insulates you from electricity.
   It protects you from negative energy.
   It affects your resistance to hostile enchantments.
Jewellery
 a - the ring "Ret Qeoc" (right tentacle) {rPois rC+ Slay+2 SInv}
   (You acquired it on level 13 of the Dungeon)

   [ring of protection from cold]

   It affects your accuracy and damage with ranged weapons and melee attacks
   (+2).
   It protects you from cold.
   It protects you from poison.
   It lets you see invisible.
 q - a +3 ring of intelligence (on tentacle)
 r - the amulet of the Skies Above (around mantle) {Reflect rN+ SH+2}
   (You found it on level 4 of the Dungeon)

   [amulet of reflection]

   It shields you and reflects attacks.
   It protects you from negative energy.
   It affects your SH (+2).
 x - an uncursed ring of magical power
 y - a ring of poison resistance (left tentacle)
 D - an uncursed ring of fire
 I - a ring of positive energy (on tentacle)
 K - a ring of protection from fire (on tentacle)
 N - a ring of protection from fire (on tentacle)
 P - the ring "Wiytif" (on tentacle) {+Fly rC+ Int+4}
   (You found it on level 10 of the Dungeon)

   [ring of intelligence]

   It affects your intelligence (+4).
   It protects you from cold.
   It lets you fly.
 Y - a +2 ring of strength (on tentacle)
Wands
 e - a wand of clouds (1)
 M - a wand of iceblast (3)
 U - a wand of acid (7)
 V - a wand of scattershot (2)
Scrolls
 c - 9 scrolls of remove curse
 d - 2 scrolls of fog
 i - 3 scrolls of enchant armour
 j - 3 scrolls of amnesia
 k - 4 scrolls of teleportation
 l - 3 scrolls of enchant weapon
 n - 4 scrolls of blinking
 s - 2 scrolls of fear
 u - 4 scrolls of identify
 J - 3 scrolls of magic mapping
 Q - 2 scrolls of holy word
Potions
 b - a potion of haste {unknown}
 m - 5 potions of curing
 o - 3 potions of heal wounds
 w - 2 potions of invisibility {unknown}
 A - 7 potions of might {unknown}
 B - a potion of magic {unknown}
 C - 3 potions of flight {unknown}
 H - 3 potions of degeneration {unknown}
 O - 2 potions of mutation {unknown}
Books
 z - a manual of Air Magic
Miscellaneous
 L - a phial of floods
Comestibles
 f - 6 rations


   Skills:
 - Level 6.0 Fighting
   Level 1.0 Short Blades
 * Level 12.6 Polearms
 - Level 6.3 Dodging
 - Level 12.0 Stealth
 * Level 12.5 Shields
 + Level 7.5 Invocations
 - Level 7.5 Evocations


You had 12 spell levels left.
You didn't know any spells.
Your spell library contained the following spells:

 Spells                   Type           Power        Failure   Level  Hunger
 Beastly Appendage        Tmut           #.....       38%         1    ##.....
 Freeze                   Ice            #...         38%         1    ##.....
 Sting                    Tmut/Pois      #...         38%         1    ##.....
 Poisonous Vapours        Pois/Air       #.....       50%         2    ###....
 Sticks to Snakes         Tmut           #.......     50%         2    ###....
 Confusing Touch          Hex            #.......     73%         3    ####...
 Frozen Ramparts          Ice            #.....       73%         3    ####...
 Gell's Gravitas          Tloc           #.........   73%         3    ####...
 Ignite Poison            Fire/Tmut/Pois #.......     73%         3    ####...
 Mephitic Cloud           Conj/Pois/Air  #.......     73%         3    ####...
 Ozocubu's Armour         Chrm/Ice       #.......     73%         3    ####...
 Spider Form              Tmut/Pois      #.........   73%         3    ####...
 Hailstorm                Conj/Ice       #.......     98%         4    #####..
 Ice Form                 Ice/Tmut       #.......     98%         4    #####..
 Olgreb's Toxic Radiance  Pois           #.......     98%         4    #####..
 Petrify                  Tmut/Erth      #.......     98%         4    #####..
 Summon Ice Beast         Ice/Summ       #.......     98%         4    #####..
 Blade Hands              Tmut           #.........   100%        5    ######.
 Metabolic Englaciation   Hex/Ice        #.........   100%        5    ######.
 Yara's Violent Unravell  Hex/Tmut       #.........   100%        5    ######.


Dungeon Overview and Level Annotations

Branches:
Dungeon (14/15)            Temple (1/1) D:4            Lair (0/6) D:9
    Orc (0/2) D:12        Ossuary (visited)           IceCv (visited)
 Vaults: D:13-14

Altars:
Ashenzari
Cheibriados
Dithmenos
Elyvilon
Fedhas
Gozag
Hepliaklqana
Kikubaaqudgha
Makhleb
Nemelex Xobeh
Okawaru
Qazlal
Ru
Sif Muna
Trog
Uskayaw
Vehumet
Wu Jian
Xom
Yredelemnul
Zin
The Shining One

Shops:
D:4 [   D:6 %


Innate Abilities, Weirdness & Mutations

You cannot wear most types of armour.
You are very stealthy in the water. (Stealth+)
You are amphibious.
You can wear up to eight rings at the same time.
You can use your tentacles to constrict eight enemies at once.
Your skin changes colour to match your surroundings (Stealth+).
Your rubbery body absorbs attacks. (AC +1, EV +1)
You are clumsy. (Dex -2)
You are very dopey. (Int -4)
Your magical capacity is low. (-10% MP)
You occasionally shout uncontrollably at your foes.
Your spells are a little harder to cast, but a little more powerful.
You expend magic power (3 MP) to strengthen your wands.


Message History

Unknown command.
Unknown command.
The cyclops throws a large rock.
PANG!
You reflect the large rock off an invisible shield around you!
The large rock hits the cyclops!!!
You hear a croak.
Unknown command.
The cyclops throws a large rock.
The large rock hits you!!
You see here a large rock.
You are too injured to fight recklessly!
You are too injured to fight recklessly!
Unknown command.
You are too injured to fight recklessly!
You are too injured to fight recklessly!
The cyclops throws a large rock.
The large rock hits you!!!
Ouch! That really hurt!
You die...
Xom giggles madly!
Fedhas appreciates your contribution to the ecosystem.

+....# #....# .. #....#
..... ###....# ....#
#######.#....# ..#.#
........#....# ..#.#
.......)#.##.# ....#
####'#C...#
....#####'####.(@......#
..))..†...(()..##......#
.....†...#(.#).##......#
#.).TP###......##...##.#
#...P.+ #####..........#
#.....# #.....###....#
#...#.#. #...#...#.##.#
'...#.#.. #...'...#.##.#
#...#+# #.#####<..#.##.#


You could see a cyclops.

Vanquished Creatures
  Josephine (D:10)
  2 ogre magi (D:12)
  Harold (D:7)
  A hydra (D:11)
  A centaur warrior (D:13)
  3 two-headed ogres
  9 death yaks
  Urug (D:13)
  Pikel (D:7)
  2 wizards (D:12)
  A necromancer (IceCv)
  4 deep elf magi (D:12)
  2 ugly things (D:11)
  A cyclops (D:13)
  3 ice statues (IceCv)
  Psyche (D:8)
  A gargoyle (D:14)
  Maggie (D:7)
  4 ice devils (IceCv)
  10 orc warriors
  2 trolls
  A meliai zombie (D:13)
  5 hippogriffs
  Prince Ribbit (D:7)
  A vampire (D:10)
  7 wraiths
  3 wyverns
  9 yaks
  Eustachio (D:4)
  5 vampire mosquitoes (D:12)
  3 hungry ghosts
  A soldier ant (D:13)
  13 ice beasts
  4 sky beasts
  2 phantoms
  3 slaves (D:7)
  A necrophage (D:6)
  8 ogres
  A black bear (D:8)
  7 centaurs
  3 crocodiles
  2 big kobolds
  9 bullfrogs
  3 elf zombies (Ossuary)
  3 scorpions
  A wyvern skeleton (D:12)
  8 killer bees
  4 wights (D:9)
  3 howler monkeys
  2 vampire bats (D:3)
  6 crimson imps
  A draconian simulacrum (IceCv)
  A bullfrog skeleton (D:11)
  A centaur zombie (D:10)
  A centaur skeleton (D:4)
  3 jellies
  6 orc priests
  3 hounds
  12 orc wizards
  5 iguanas
  6 worker ants
  A spriggan simulacrum (IceCv)
  A troll simulacrum (IceCv)
  A killer bee zombie (D:5)
  A big kobold zombie (Ossuary)
  3 centaur simulacra
  3 hound zombies
  3 mummies (Ossuary)
  2 worker ant zombies
  12 adders
  A naga simulacrum (IceCv)
  An ogre simulacrum (IceCv)
  6 shadow imps
  2 adder zombies (Ossuary)
  An adder skeleton (D:5)
  2 dart slugs (D:1)
  5 leopard geckos
  39 orcs
  A ball python (D:2)
  A bat skeleton (D:3)
  4 bat zombies (D:3)
  2 giant cockroaches
  5 goblins
  7 hobgoblins
  6 jackals
  7 quokkas
  A bat (D:3)
  2 frilled lizards
  A goblin zombie (Ossuary)
  A hobgoblin zombie (Ossuary)
  2 jackal skeletons
  A jackal zombie (Ossuary)
  12 kobolds
  A kobold zombie (Ossuary)
  A quokka skeleton (D:4)
  6 rats
356 creatures vanquished.

Vanquished Creatures (collateral kills)
  A wizard (D:12)
  2 trolls (D:14)
  2 ice devils (IceCv)
  A vampire (D:14)
  An acid dragon (D:12)
  2 orc warriors
  A phantom (D:6)
  A scorpion (D:5)
  3 killer bees (D:12)
  A crimson imp (D:6)
  A hound (D:5)
  An orc priest (D:6)
  A draconian simulacrum (IceCv)
  An orc wizard (D:12)
  An iguana (D:5)
  A troll simulacrum (IceCv)
  A worker ant (D:12)
  A spriggan simulacrum (IceCv)
  An adder (D:10)
  2 adder zombies (D:5)
  5 orcs
  4 ballistomycete spores (IceCv)
35 creatures vanquished.

Vanquished Creatures (others)
  A centaur warrior (D:13)
  An ugly thing (D:11)
  A cyclops (D:11)
  An acid dragon (D:10)
  An orc warrior (D:10)
  A sky beast (D:10)
  3 centaurs
  A mummy (Ossuary)
  An orc (D:13)
11 creatures vanquished.

Grand Total: 402 creatures vanquished

Notes
Turn   | Place    | Note
-------+----------+-------------------------------------------
     0 | D:1      | Maedhros the Octopode Artificer began the quest for the
                  | Orb.
     0 | D:1      | Reached XP level 1. HP: 13/13 MP: 3/3
   326 | D:1      | Reached XP level 2. HP: 18/18 MP: 4/4
  1175 | D:2      | Found a faded altar of an unknown god.
  1218 | D:2      | Reached XP level 3. HP: 23/23 MP: 5/5
  1254 | D:2      | Became a worshipper of Xom of Chaos
  1330 | D:4      | Noticed Eustachio
  1342 | D:4      | Killed Eustachio
  1342 | D:4      | Reached skill level 5 in Stealth
  1342 | D:4      | Reached skill level 5 in Evocations
  1342 | D:4      | Reached XP level 4. HP: 17/28 MP: 5/7
  1342 | D:4      | Reached XP level 5. HP: 20/33 MP: 5/8
  1365 | D:4      | Got a crude sapphire amulet
  1366 | D:4      | Identified the amulet of the Skies Above {Reflect rN+ SH+2}
                  | (You found it on level 4 of the Dungeon)
  1375 | D:4      | Found Reduw's Antique Armour Emporium.
  1509 | D:4      | Noticed an ogre
  1514 | D:4      | Killed an ogre
  1514 | D:4      | Reached XP level 6. HP: 38/38 MP: 8/10
  1516 | D:4      | Found a staircase to the Ecumenical Temple.
  1518 | D:4      | XOM: silly message
  1531 | Temple   | Entered the Ecumenical Temple
  1533 | Temple   | XOM: mild Hex miscast
  1578 | Temple   | Fell from the grace of Xom
  1578 | Temple   | Became a worshipper of Fedhas Madash
  1633 | D:3      | XOM: mild Hex miscast
  1756 | D:3      | Found a snail-covered altar of Cheibriados.
  1874 | D:3      | Found a burning altar of Makhleb.
  1875 | D:3      | Found a shadowy altar of Dithmenos.
  2131 | D:3      | Found an ancient bone altar of Kikubaaqudgha.
  2277 | D:3      | Reached * piety under Fedhas
  2451 | D:3      | XOM: mild Hex miscast
  2652 | D:2      | XOM: summons 4 hostile shadow creatures
  3078 | D:5      | Entered Level 5 of the Dungeon
  3078 | D:5      | Noticed a sky beast
  3088 | D:5      | Reached XP level 7. HP: 37/43 MP: 11/11
  3128 | D:5      | XOM: god gift: wand of clouds (5)
  3309 | D:5      | Noticed a hungry ghost
  3328 | D:4      | Killed a hungry ghost
  3833 | D:3      | XOM: give mutation
  3833 | D:3      | Gained mutation: You have a pair of small antennae on your
                  | head. [Xom's grace]
  3967 | D:5      | Reached XP level 8. HP: 38/48 MP: 13/13
  4046 | D:5      | Reached skill level 1 in Invocations
  4188 | D:5      | XOM: give mutation
  4188 | D:5      | Gained mutation: You are dopey. (Int -2) [Xom's mischief]
  4391 | D:6      | Found a hazy altar of Hepliaklqana.
  4445 | D:6      | Found Ottusest's Food Shoppe.
  4446 | D:6      | Found a radiant altar of Vehumet.
  4493 | D:6      | XOM: 3-stop teleportation journey
  4971 | D:6      | Killed an orc warrior
  4977 | D:6      | Reached skill level 10 in Stealth
  5172 | D:6      | Reached XP level 9. HP: 52/57 MP: 14/14
  5341 | D:6      | Reached ** piety under Fedhas
  5532 | D:7      | XOM: chaos upgrade
  5596 | D:7      | XOM: mild Summ miscast
  5609 | D:7      | Noticed Pikel
  5650 | D:7      | Noticed Prince Ribbit
  5659 | D:7      | Found a sand-covered staircase.
  5664 | Ossuary  | Entered an ossuary
  5766 | Ossuary  | XOM: give mutations
  5766 | Ossuary  | Gained mutation: You are clumsy. (Dex -2) [Xom's mischief]
  5766 | Ossuary  | Lost mutation: You have a pair of small antennae on your
                  | head. [Xom's mischief]
  5766 | Ossuary  | Gained mutation: You are very dopey. (Int -4) [Xom's
                  | mischief]
  5993 | Ossuary  | XOM: summons 4 hostile shadow creatures
  6031 | Ossuary  | XOM: medium Conj miscast
  6575 | D:7      | Found a sparkling altar of Nemelex Xobeh.
  6704 | D:7      | Reached skill level 5 in Dodging
  6884 | D:7      | Noticed Maggie
  6892 | D:7      | Killed Maggie
  6892 | D:7      | Reached skill level 5 in Invocations
  7209 | D:7      | XOM: divination: detect items
  7258 | D:7      | Reached skill level 5 in Fighting
  7269 | D:7      | XOM: give mutations
  7269 | D:7      | Gained mutation: Your magical capacity is low. (-10% MP)
                  | [Xom's mischief]
  7269 | D:7      | Gained mutation: You occasionally shout uncontrollably at
                  | your foes. [Xom's mischief]
  7271 | D:7      | Noticed Harold
  7523 | D:7      | Killed Harold
  7523 | D:7      | Reached XP level 10. HP: 41/67 MP: 14/14
  7591 | D:6      | XOM: mild Fire miscast
  7663 | D:7      | Killed Pikel
  7683 | D:7      | Killed Prince Ribbit
  8187 | D:8      | Reached skill level 1 in Polearms
  8229 | D:8      | Found the +18 shield of the Gong {rElec rN+ MR+ EV-5}
  8260 | D:8      | XOM: give mutations
  8260 | D:8      | Gained mutation: You expend magic power (3 MP) to
                  | strengthen your wands. [Xom's grace]
  8260 | D:8      | Gained mutation: Your spells are a little harder to cast,
                  | but a little more powerful. [Xom's grace]
  8392 | D:8      | XOM: summons 1 hostile shadow creature
  8544 | D:8      | XOM: medium Air miscast
  8626 | D:8      | Reached *** piety under Fedhas
  8626 | D:8      | Reached skill level 1 in Shields
  8627 | D:8      | XOM: 4-stop teleportation journey
  8643 | D:8      | Noticed a two-headed ogre
  8646 | D:8      | Killed a two-headed ogre
  8661 | D:8      | XOM: mild Chrm miscast
  9088 | D:9      | Noticed Psyche
  9104 | D:8      | Killed Psyche
  9359 | D:9      | Reached XP level 11. HP: 72/72 MP: 14/14
  9400 | D:9      | Noticed a death yak
  9401 | D:9      | Noticed a death yak
  9402 | D:9      | Noticed a death yak
  9405 | D:9      | Noticed a death yak
  9439 | D:8      | Killed a death yak
  9439 | D:8      | Reached skill level 5 in Polearms
  9439 | D:8      | Reached skill level 5 in Shields
  9767 | D:8      | XOM: medium Chrm miscast
  9860 | D:8      | XOM: divination: detect items
  9993 | D:7      | Killed a death yak
 10142 | D:8      | XOM: medium Tmut miscast
 10142 | D:8      | Was forgiven by Xom
 10151 | D:9      | Noticed a death yak
 10532 | D:9      | Found a staircase to the Lair.
 10574 | D:9      | Noticed a death yak
 10578 | D:9      | Noticed a death yak
 10989 | D:9      | Found a basalt altar of Yredelemnul.
 10994 | D:9      | Found a glowing golden altar of the Shining One.
 10996 | D:9      | Noticed an angel
 11171 | D:9      | Noticed a death yak
 11189 | D:8      | Killed a death yak
 11464 | D:8      | Killed a death yak
 11480 | D:9      | Noticed a death yak
 11915 | D:8      | Killed a death yak
 12176 | D:8      | Killed a death yak
 12199 | D:8      | Killed a death yak
 12668 | D:8      | Killed a death yak
 12978 | D:9      | Killed a death yak
 12978 | D:9      | Reached **** piety under Fedhas
 13251 | D:10     | Entered Level 10 of the Dungeon
 13266 | D:10     | Reached XP level 12. HP: 74/79 MP: 15/15
 13615 | D:10     | Noticed Josephine
 13624 | D:10     | Killed Josephine
 14018 | D:10     | Got a coiled jade ring
 14243 | D:11     | Noticed a two-headed ogre
 14251 | D:11     | Killed a two-headed ogre
 14282 | D:11     | Noticed an eight-headed hydra
 14362 | D:10     | Identified the ring "Wiytif" {+Fly rC+ Int+4} (You found it
                  | on level 10 of the Dungeon)
 14539 | D:11     | Found a frozen archway.
 14545 | IceCv    | Entered an ice cave
 14811 | IceCv    | Reached skill level 10 in Polearms
 14831 | IceCv    | Reached skill level 10 in Shields
 15654 | IceCv    | Got a crystal hunting sling
 15655 | IceCv    | Identified the +0 hunting sling of Change {vorpal, +Fly rC+
                  | Int+4} (You found it in an ice cave)
 16988 | D:11     | Killed an eight-headed hydra
 16988 | D:11     | Reached XP level 13. HP: 83/83 MP: 15/16
 17548 | D:12     | Reached ***** piety under Fedhas
 18267 | D:12     | Noticed an ogre mage
 18268 | D:12     | Found a staircase to the Orcish Mines.
 18296 | D:12     | Killed an ogre mage
 18388 | D:12     | Noticed an ogre mage
 18398 | D:12     | Killed an ogre mage
 18424 | D:12     | Found the +12 glaive of Prune {vorpal}
 18885 | D:13     | Noticed Urug
 19237 | D:13     | Killed Urug
 19743 | D:13     | Identified a scroll of acquirement
 19744 | D:13     | Identified the +4 trident of Popular Demand {freeze, rC+}
                  | (You acquired it on level 13 of the Dungeon)
 19744 | D:13     | Identified the ring "Ret Qeoc" {rPois rC+ Slay+2 SInv} (You
                  | acquired it on level 13 of the Dungeon)
 20193 | D:14     | Hit by a large rock thrown by a cyclops

Levels and vault maps discovered:
D:1:      minmay_arrival_jagged, layout_basic, roderic_st_hans_cross
D:2:      layout_loops_ring, chequers_ecumenical_altar_simple
D:3:      layout_loops_ring, overflow_temple_1_default, cheibriados_altar_1,
          nicolae_overflow_crystal_walls, kennysheep_vampire_church,
          gup_sewer_entry_bowl, serial_bayou_lake_a
D:4:      layout_basic, minmay_temple_entry_wispy, serial_shops, shop,
          uniq_eustachio
D:5:      layout_rooms, first_ration, minmay_misc_feat_square,
          minmay_manual_mess
D:6:      layout_basic, kennysheep_mini, serial_shops, shop, basic_altar
D:7:      layout_basic, lemuel_crystal_altar, enter_ossuary_5, uniq_maggie,
          uniq_harold, uniq_pikel, uniq_prince_ribbit1
D:8:      layout_basic, grunt_pizzeria
D:9:      layout_loops_cross, grunt_temple_overflow_holy_war,
          dpeg_lair_monsters, uniq_psyche
D:10:     layout_roguey, minmay_alternating_orb, uniq_josephine
D:11:     layout_basic, portal_ice_cave_entry_ice_beasts
D:12:     layout_irregular_city, erik_orc_4, minmay_guarded_unrand_prune
D:13:     layout_loops_ring, uniq_urug
D:14:     layout_stronghold, david_vaults_1, serial_park_avenue1,
          small_chamber_with_monster, fedhas_altar_4
Temple:   nicolae_temple_great_sept

Skill      XL: |  1  2  3  4  5  6  7  8  9 10 11 12 13 |
---------------+----------------------------------------+-----
Stealth        | 2 3 5 6 7 8 10 11 12 | 12.0
Evocations     | 5 6 7 |  7.5
Invocations    | 3 6 7 |  7.5
Fighting       | 3 5 6 |  6.0
Dodging        | 3 5 6 |  6.3
Polearms       | 4 8 11 12 | 12.6
Shields        | 4 8 11 12 | 12.5
Short Blades   | |  1.0

Action                   |  1- 3 |  4- 6 |  7- 9 | 10-12 | 13-15 || total
-------------------------+-------+-------+-------+-------+-------++-------
Melee: Short sword       |    37 |     2 |     1 |       |       ||    40
       Constrict         |     8 |    14 |    46 |    52 |    36 ||   156
       Tentacles         |     4 |    10 |    36 |   129 |    79 ||   258
       War axe           |       |    60 |   171 |    10 |       ||   241
       Trident           |       |       |       |   762 |   399 ||  1161
Throw: Dart              |       |       |       |    46 |       ||    46
Invok: Overgrow          |       |       |       |     1 |     3 ||     4
       Grow Ballistomyce |       |       |       |     1 |       ||     1
Evoke: Wand              |     2 |     4 |    32 |    15 |       ||    53
       Phial of floods   |       |       |       |     1 |       ||     1
  Use: Scroll            |       |     3 |     2 |     4 |    11 ||    20
       Potion            |       |     1 |     4 |       |     2 ||     7
 Stab: Sleeping          |     6 |    18 |    16 |     1 |     2 ||    43
       Confused          |       |       |     3 |       |       ||     3
       Distracted        |       |       |     2 |     5 |     4 ||    11
       Invisible         |       |       |       |     1 |       ||     1
  Eat: Ration            |       |     2 |     4 |     6 |     1 ||    13
       Chunk             |       |     1 |     6 |    10 |     7 ||    24
Armor: Skin              |     2 |    20 |    34 |    13 |     7 ||    76
Dodge: Dodged            |    27 |    53 |   179 |    79 |    49 ||   387
Block: Other             |       |     3 |    12 |     3 |       ||    18
       Kite shield       |       |       |       |   708 |   425 ||  1133
       Reflection        |       |       |       |    31 |    34 ||    65

Table legend:
 A = Non-vault XP
 B = Vault XP
 C = Vault XP percentage of total XP
 D = Non-vault monster count
 E = Vault monster count
 F = Vault count percentage of total count
                 A         B        C        D         E       F
            +---------+---------+-------+---------+---------+-------
      Total |   25098 |   26553 |  51.4 |     276 |     118 |  29.9
            +---------+---------+-------+---------+---------+-------
        D:1 |      22 |       0 |   0.0 |      10 |       0 |   0.0
        D:2 |      14 |       0 |   0.0 |       8 |       0 |   0.0
        D:3 |      39 |     123 |  75.9 |      20 |      11 |  35.5
        D:4 |     370 |     191 |  34.0 |      14 |       1 |   6.7
        D:5 |     567 |     111 |  16.4 |      12 |       5 |  29.4
        D:6 |    1232 |       0 |   0.0 |      20 |       0 |   0.0
        D:7 |     947 |    3203 |  77.2 |      13 |       5 |  27.8
        D:8 |    2374 |    6656 |  73.7 |      26 |       9 |  25.7
        D:9 |    1195 |     896 |  42.9 |      23 |       1 |   4.2
       D:10 |    1543 |    3307 |  68.2 |      17 |      17 |  50.0
       D:11 |    5744 |     930 |  13.9 |      32 |       7 |  17.9
       D:12 |    4458 |    5419 |  54.9 |      43 |      22 |  33.8
       D:13 |    5898 |     811 |  12.1 |      30 |       1 |   3.2
       D:14 |     695 |     454 |  39.5 |       8 |       3 |  27.3
    Ossuary |       0 |     387 | 100.0 |       0 |      16 | 100.0
      IceCv |       0 |    4065 | 100.0 |       0 |      20 | 100.0
            +---------+---------+-------+---------+---------+-------
